 Dungeon Crawl Stone Soup version 0.27.1-4-g1640c2035a (webtiles) character file.

Game seed: 16978554391567649099

70533 boopmooplesden the Tortoise (level 14, 0/137 HPs)
             Began as a Minotaur Fighter on Nov 9, 2021.
             Was the Champion of Okawaru.
             Slain by a death knight (12 damage)
             ... on level 13 of the Dungeon.
             The game lasted 00:35:52 (19830 turns).

boopmooplesden the Tortoise (Minotaur Fighter)     Turns: 19830, Time: 00:35:53

Health: 0/137      AC: 42    Str: 26    XL:     14   Next: 94%
Magic:  0/14       EV: 15    Int:  7    God:    Okawaru [******]
Gold:   1439       SH:  0    Dex: 19    Spells: 13/13 levels left

rFire    . . .     SeeInvis +   h - +7 pair of quick blades "Gyre" and "Gimble" {protect}
rCold    . . .     Faith    .   (shield currently unavailable)
rNeg     + . .     Spirit   +   t - +1 crystal plate armour
rPois    .         Reflect  .   P - +2 hat
rElec    .         Harm     .   f - +2 cloak
rCorr    +         Rampage  .   A - +1 pair of gloves "Larrot" {rCorr Dex+3 SInv}
Will     .....     Clarity  +   x - +0 pair of boots
Stlth    ..........             X - amulet of guardian spirit
HPRegen  0.32/turn              k - +4 ring of evasion
MPRegen  0.14/turn              j - ring of Tesseat {rN+ Str+2 Int+2 Dex+4}

@: about to teleport, weak-willed, heroic, studying Armour
A: horns 2, retaliatory headbutt, see invisible, clarity
a: Renounce Religion, Heroism, Finesse


You were on level 13 of the Dungeon.
You worshipped Okawaru.
Okawaru was exalted by your worship.
You visited 3 branches of the dungeon, and saw 20 of its levels.
You also visited: Ice Cave.

You collected 2514 gold pieces.
You spent 1075 gold pieces at shops.

Inventory:

Hand Weapons
 h - the +7 pair of quick blades "Gyre" and "Gimble" (weapon) {protect}
   (You found it on level 7 of the Dungeon)

   It grants its wielder temporary protection when it strikes (+7 to AC).
 R - the +4 battleaxe of the Rat {freeze, Fragile rF+++ Dex+7}
   (You found it on level 6 of the Lair of Beasts)

   It freezes those it strikes, dealing additional cold damage.
   It can also slow down cold-blooded creatures.
   Dex:       It affects your dexterity (+7).
   rF:        It renders you almost immune to fire.
   Fragile:   It will be destroyed if unequipped.
 Y - a +6 scimitar of electrocution
Missiles
 m - 6 silver boomerangs
 J - 3 throwing nets (quivered)
Armour
 f - a +2 cloak (worn)
 g - a +1 tower shield of cold resistance
 t - a +1 crystal plate armour (worn)
 x - a +0 pair of boots (worn)
 A - the +1 pair of gloves "Larrot" (worn) {rCorr Dex+3 SInv}
   (You found it on level 6 of the Lair of Beasts)

   Dex:       It affects your dexterity (+3).
   SInv:      It lets you see invisible.
   rCorr:     It protects you from acid and corrosion.
 I - a +3 plate armour of willpower
 L - a +0 kite shield of cold resistance
 P - a +2 hat (worn)
 Z - the +0 kite shield of Generosity {Harm rN+ Str+3 Stlth+}
   (You acquired it on level 3 of the Lair of Beasts)

   Str:       It affects your strength (+3).
   rN:        It protects you from negative energy.
   Harm:      It increases damage dealt and taken.
   Stlth:     It makes you more stealthy.
Jewellery
 b - a +6 ring of dexterity
 j - the ring of Tesseat (right hand) {rN+ Str+2 Int+2 Dex+4}
   (You acquired it on level 7 of the Dungeon)

   [ring of positive energy]

   Str:       It affects your strength (+2).
   Int:       It affects your intelligence (+2).
   Dex:       It affects your dexterity (+4).
   rN:        It protects you from negative energy.
 k - a +4 ring of evasion (left hand)
 y - a ring of resist corrosion
 z - a +6 ring of intelligence
 G - a ring of willpower
 Q - a ring of protection from cold
 V - a ring of protection from fire
 X - an amulet of guardian spirit (around neck)
Wands
 l - a wand of flame (46)
 s - a wand of iceblast (36)
 v - a wand of polymorph (8)
 E - a wand of charming (8)
 H - a wand of paralysis (8)
 M - a wand of acid (7)
Scrolls
 a - 2 scrolls of fear
 c - 2 scrolls of blinking
 n - 6 scrolls of amnesia
 o - 4 scrolls of silence
 p - 5 scrolls of magic mapping
 w - 11 scrolls of identify
 C - a scroll of fog
 F - 3 scrolls of teleportation
 S - a scroll of brand weapon
Potions
 e - 2 potions of lignification
 i - 3 potions of magic
 r - a potion of resistance
 B - 2 potions of berserk rage
 D - 3 potions of might
 K - 5 potions of heal wounds
 N - 5 potions of attraction
 O - 2 potions of flight
 T - 2 potions of haste
 U - 6 potions of curing
 W - a potion of invisibility


   Skills:
 + Level 16.0(21.0) Fighting
 + Level 14.0(20.1) Short Blades
 + Level 11.0(19.3) Long Blades
 + Level 20.0(25.0) Armour
 + Level 2.9(7.9) Dodging
 + Level 1.7(6.7) Stealth
 + Level 9.7(14.7) Shields
 + Level 2.3(7.3) Unarmed Combat
 + Level 1.5 Invocations
 + Level 1.8 Evocations


You had 13 spell levels left.
You didn't know any spells.
Your spell library contained the following spells:

 Spells                   Type           Power      Damage    Failure   Level
 Animate Skeleton         Necr           0%         N/A       98%         1
 Apportation              Tloc           0%         N/A       98%         1
 Corona                   Hex            0%         N/A       98%         1
 Foxfire                  Conj/Fire      0%         2x1d4     98%         1
 Freeze                   Ice            0%         1d3       98%         1
 Magic Dart               Conj           0%         1d3       98%         1
 Shock                    Conj/Air       0%         1d3       98%         1
 Sting                    Tmut/Pois      0%         1d3       98%         1
 Summon Small Mammal      Summ           0%         N/A       98%         1
 Blink                    Tloc           N/A        N/A       99%         2
 Ensorcelled Hibernation  Hex/Ice        0%         N/A       99%         2
 Passwall                 Tmut/Erth      0%         N/A       99%         2
 Searing Ray              Conj           0%         3d3       99%         2
 Conjure Flame            Conj/Fire      0%         6-21      100%        3
 Frozen Ramparts          Ice            0%         1d2       100%        3
 Inner Flame              Hex/Fire       0%         N/A       100%        3
 Mephitic Cloud           Conj/Pois/Air  0%         N/A       100%        3
 Portal Projectile        Hex/Tloc       0%         N/A       100%        3
 Spider Form              Tmut/Pois      0%         N/A       100%        3
 Stone Arrow              Conj/Erth      0%         3d7       100%        3
 Swiftness                Air            0%         N/A       100%        3
 Animate Armour           Summ/Erth      0%         N/A       100%        4
 Fulminant Prism          Conj/Hex       0%         3d6       100%        4
 Hailstorm                Conj/Ice       0%         3d3       100%        4
 Ice Form                 Ice/Tmut       0%         N/A       100%        4
 Leda's Liquefaction      Hex/Erth       0%         N/A       100%        4
 Olgreb's Toxic Radiance  Pois           0%         N/A       100%        4
 Summon Ice Beast         Ice/Summ       0%         N/A       100%        4
 Blade Hands              Tmut           0%         N/A       100%        5
 Bolt of Magma            Conj/Fire/Erth 0%         4d4       100%        5
 Excruciating Wounds      Necr           0%         N/A       100%        5
 Fireball                 Conj/Fire      0%         3d3       100%        5
 Manifold Assault         Tloc           0%         N/A       100%        5
 Summon Forest            Summ/Tloc      0%         N/A       100%        5
 Invisibility             Hex            0%         N/A       100%        6
 Shadow Creatures         Summ           N/A        N/A       100%        6
 Starburst                Conj/Fire      0%         6d3       100%        6
 Statue Form              Tmut/Erth      0%         N/A       100%        6
 Ozocubu's Refrigeration  Ice            0%         4d5       100%        7
 Storm Form               Tmut/Air       0%         N/A       100%        7
 Borgnjor's Revivificati  Necr           0%         N/A       100%        8
 Ignition                 Fire           0%         3d3       100%        8
 Lehudib's Crystal Spear  Conj/Erth      0%         10d2      100%        8
 Necromutation            Tmut/Necr      0%         N/A       100%        8
 Death's Door             Necr           0%         N/A       100%        9
 Fire Storm               Conj/Fire      0%         5d1       100%        9


Dungeon Overview and Level Annotations

Branches:
Dungeon (12/15)            Temple (1/1) D:4            Lair (6/6) D:8
  Swamp (0/4) Lair:4        Snake (0/4) Lair:4        Slime (0/5) Lair:5
    Orc (0/2) D:9           IceCv (visited)

Altars:
Ashenzari
Cheibriados
Fedhas
Hepliaklqana
Kikubaaqudgha
Okawaru
Ru
Trog
Uskayaw
Vehumet
Wu Jian
The Shining One
Jiyva

Shops:
D:1 !   D:7 [   D:10 :   D:13 *


Innate Abilities, Weirdness & Mutations

You have a pair of horns on your head.
You reflexively headbutt those who attack you in melee.
You have supernaturally acute eyesight. (SInv)
You possess an exceptional clarity of mind.


Message History

You hit the death knight but do no damage. x2
The phantasmal warrior hits you but does no damage.
You hit the death knight. You headbutt the death knight!
You barely miss the death knight.
The death knight reflects your damage back at you!
The death knight hits you with a +4 morningstar of protection!
You closely miss the death knight. Your headbutt misses the death knight.
You hit the death knight.
The death knight reflects your damage back at you!
You hit the death knight but do no damage.
Your headbutt misses the death knight. You barely miss the death knight.
You puncture the death knight! You barely miss the death knight.
The death knight reflects your damage back at you!
The death knight closely misses you. You furiously retaliate!
You headbutt the death knight!
The death knight reflects your damage back at you!
* * * LOW HITPOINT WARNING * * *
The phantasmal warrior hits you but does no damage.
The death knight mumbles some strange prayers to Yredelemnul against you.
Your body is wracked with pain!
* * * LOW HITPOINT WARNING * * *
Things that are here:
a +1 great mace of holy wrath; a +0 ring mail; 2 potions of invisibility You gain the combat prowess of a mighty hero.
The phantasmal warrior hits you!
* * * LOW HITPOINT WARNING * * *
The phantasmal warrior blinks!
Unknown command.
As you read the scroll of teleportation, it crumbles to dust.
You feel strangely unstable.
The death knight's dark mirror aura disappears.
The freezing wraith hits you but does no damage.
The freezing wraith hits you.
* * * LOW HITPOINT WARNING * * *
The phantasmal warrior blinks!
The freezing wraith closely misses you. You furiously retaliate!
You headbutt the freezing wraith.
The freezing wraith hits you but does no damage.
The death knight hits you with a +4 morningstar of protection!
You die...

#######################
......................#
......................#
#####.######..........#
#####.######..........#
......................#
.........)............#
......................#
#####.######....@p....#
#.# #...W.W....# #.#
#..######).#
#####.######..# #).#
..............# #..#
.......#####..# #..#
####...# #..# #..#
#...# #..# #..# #...#
...#


You could see a death knight, a phantasmal warrior and a freezing wraith.

Vanquished Creatures
  Jorgrun (D:13)
  Rupert (D:13)
  Kirke (Lair:5)
  A frost giant (IceCv)
  Snorg (D:11)
  5 hydras (Lair:6)
  The ghost of unlimited1921 the Ducker, a journeyman GnAM of Gozag (D:11)
  2 boulder beetles
  A death knight (D:13)
  3 two-headed ogres
  3 death yaks
  A goliath frog (Lair:6)
  3 skeletal warriors (D:13)
  An ugly thing (D:9)
  A lindwurm (Lair:3)
  Pikel (D:5)
  A deep elf pyromancer (D:13)
  A wolf spider (Lair:4)
  2 cyclopes
  A black mamba (Lair:3)
  Maurice (D:13)
  15 elephants
  An ice statue (IceCv)
  25 cane toads
  A gargoyle (D:13)
  2 rime drakes
  Psyche (D:11)
  6 komodo dragons
  2 kobold demonologists (D:11)
  A freezing wraith (D:13)
  A troll (D:8)
  2 tyrant leeches (Lair:6)
  20 polar bears
  A hornet (D:9)
  Grinder (D:5)
  17 blink frogs
  The ghost of Icepheonix32 the Magician, an amateur DsTm (D:3)
  4 dream sheep (Lair:5)
  2 wraiths
  A spriggan (D:7)
  67 yaks
  2 hogs
  2 wyverns
  4 basilisks
  A human (shapeshifter) (D:13)
  Eustachio (D:5)
  8 vampire mosquitoes
  Edmund (D:5)
  2 nagas (Lair:4)
  12 water moccasins
  2 orc warriors
  4 black bears
  A sky beast (D:7)
  An ogre (D:5)
  3 necrophages
  33 wolves
  3 centaurs
  A phantom (D:4)
  6 kobold brigands
  21 bullfrogs
  An earth elemental (D:13)
  3 scorpions
  6 howler monkeys
  8 electric eels
  4 centaur zombies
  4 hounds
  6 orc priests
  A bullfrog skeleton (D:3)
  3 centaur skeletons
  Jessica (D:2)
  Terence (D:2)
  4 iguanas
  5 orc wizards
  2 howler monkey zombies
  15 adders
  5 gnolls
  A howler monkey skeleton (D:7)
  15 white imps
  2 ufetubi
  3 worms
  5 dart slugs
  27 orcs
  10 endoplasms
  3 giant cockroaches
  5 goblins
  4 hobgoblins
  13 jackals
  4 quokkas
  4 ball pythons
  4 bats
  5 frilled lizards
  19 kobolds
  4 rats
  A fungus (Lair:4)
510 creatures vanquished.

Vanquished Creatures (others)
  4 humans (Lair:5)
  A bullfrog (Lair:5)
  An electric eel (D:8)
  An orc (D:8)
  A goblin (D:3)
  30 fungi
  99 plants
  5 toadstools (D:1)
142 creatures vanquished.

Grand Total: 652 creatures vanquished

Notes
Turn   | Place    | Note
-------+----------+-------------------------------------------
     0 | D:1      | boopmooplesden the Minotaur Fighter began the quest for the
                  | Orb.
     0 | D:1      | Reached XP level 1. HP: 19/19 MP: 0/0
   274 | D:1      | Found Pabist's Distillery.
   281 | D:1      | Reached XP level 2. HP: 27/27 MP: 1/1
   307 | D:1      | Reached skill level 4 in Armour
   389 | D:1      | Reached XP level 3. HP: 14/33 MP: 2/2
  1206 | D:2      | Found a faded altar of an unknown god.
  1280 | D:2      | Found a blossoming altar of Fedhas.
  1349 | D:2      | Reached XP level 4. HP: 41/41 MP: 3/3
  1357 | D:2      | Noticed Terence
  1367 | D:2      | Killed Terence
  1776 | D:2      | Reached skill level 1 in Dodging
  1798 | D:2      | Noticed Jessica
  1802 | D:2      | Killed Jessica
  1803 | D:2      | Reached XP level 5. HP: 37/47 MP: 4/4
  2162 | D:3      | Reached skill level 5 in Long Blades
  2162 | D:3      | Reached XP level 6. HP: 52/53 MP: 5/5
  2185 | D:3      | Found a radiant altar of Vehumet.
  2641 | D:3      | Found a hazy altar of Hepliaklqana.
  2853 | D:3      | Found a runed translucent door.
  2854 | D:3      | Noticed Icepheonix32's ghost (amateur DsTm)
  2936 | D:3      | Reached skill level 5 in Shields
  2948 | D:3      | Killed Icepheonix32's ghost
  2949 | D:3      | Reached skill level 5 in Fighting
  2949 | D:3      | Reached skill level 5 in Armour
  2949 | D:3      | Reached XP level 7. HP: 17/61 MP: 6/6
  3255 | D:4      | Found a staircase to the Ecumenical Temple.
  3267 | Temple   | Entered the Ecumenical Temple
  3382 | Temple   | Became a worshipper of Warmaster Okawaru
  3580 | D:4      | Found a blossoming altar of Fedhas.
  3942 | D:5      | Entered Level 5 of the Dungeon
  3947 | D:5      | Noticed Eustachio
  3962 | D:5      | Killed Eustachio
  4112 | D:5      | Noticed Pikel
  4137 | D:5      | Killed Pikel
  4137 | D:5      | Reached * piety under Okawaru
  4138 | D:5      | Reached skill level 6 in Armour
  4138 | D:5      | Reached XP level 8. HP: 64/70 MP: 7/7
  4200 | D:5      | Found a sacrificial altar of Ru.
  4323 | D:5      | Noticed Edmund
  4355 | D:5      | Killed Edmund
  4554 | D:5      | Reached ** piety under Okawaru
  4658 | D:5      | Noticed Grinder
  4658 | D:5      | Paralysed by Grinder for 4 turns
  4667 | D:5      | Paralysed by Grinder for 5 turns
  4675 | D:5      | Paralysed by Grinder for 4 turns
  4687 | D:5      | Paralysed by Grinder for 3 turns
  4691 | D:5      | Killed Grinder
  4692 | D:5      | Reached skill level 7 in Armour
  5223 | D:6      | Got the Grimoire of Flamy Weightlessness
  5467 | D:6      | Reached XP level 9. HP: 78/78 MP: 8/8
  5844 | D:6      | Found an ornate altar of the Wu Jian Council.
  6366 | D:6      | Gained mutation: You possess an exceptional clarity of
                  | mind. [potion of mutation]
  6366 | D:6      | Gained mutation: You have supernaturally acute eyesight.
                  | (SInv) [potion of mutation]
  6561 | D:7      | Noticed a two-headed ogre
  6561 | D:7      | Noticed a two-headed ogre
  6574 | D:7      | Killed a two-headed ogre
  6574 | D:7      | Reached *** piety under Okawaru
  6575 | D:7      | Reached skill level 10 in Long Blades
  6575 | D:7      | Reached skill level 8 in Armour
  6593 | D:7      | Killed a two-headed ogre
  6593 | D:7      | Reached **** piety under Okawaru
  6594 | D:7      | Reached skill level 9 in Armour
  6594 | D:7      | Reached XP level 10. HP: 37/86 MP: 6/9
  6598 | D:7      | Found the +7 pair of quick blades "Gyre" and "Gimble"
                  | {protect}
  6626 | D:7      | Identified 2 scrolls of acquirement
  6626 | D:7      | Acquired the ring of Tesseat {rN+ Str+2 Int+2 Dex+4}
  6829 | D:7      | Received a gift from Okawaru
  6911 | D:7      | Found Xounefui's Antique Armour Boutique.
  6919 | D:7      | Bought a fading chain mail for 275 gold pieces
  6919 | D:7      | Identified the +0 chain mail of the Eight Boll Weevils
                  | {rPois rN+ Str+2} (You bought it in a shop on level 7 of
                  | the Dungeon)
  7353 | D:8      | Reached skill level 1 in Short Blades
  7402 | D:8      | Acquired 924 gold pieces
  7668 | D:8      | Found a staircase to the Lair.
  8521 | D:8      | Found a glowing golden altar of the Shining One.
  8954 | D:9      | Noticed a white ugly thing
  8972 | D:9      | Reached skill level 10 in Armour
  8976 | D:9      | Killed a white ugly thing
  8976 | D:9      | Reached ***** piety under Okawaru
  8977 | D:9      | Reached skill level 1 in Evocations
  9098 | D:9      | Found an ancient bone altar of Kikubaaqudgha.
  9217 | D:9      | Found a hide-covered altar of Uskayaw.
  9338 | D:9      | Found a staircase to the Orcish Mines.
  9412 | D:10     | Entered Level 10 of the Dungeon
  9430 | D:10     | Reached skill level 5 in Short Blades
  9452 | D:10     | Found a snail-covered altar of Cheibriados.
  9569 | D:10     | Reached XP level 11. HP: 81/95 MP: 10/10
  9630 | D:10     | Found Hoishaa's Self-Improvement Boutique.
  9641 | D:10     | Bought a manual of Armour for 800 gold pieces
  9719 | D:10     | Found a bloodstained altar of Trog.
  9938 | D:10     | Found a broken altar of Ashenzari.
 10432 | Lair:1   | Entered Level 1 of the Lair of Beasts
 10901 | Lair:1   | Got the Volume of Nocuous Displacement
 11055 | Lair:1   | Reached skill level 11 in Armour
 11563 | Lair:2   | Reached ****** piety under Okawaru
 11637 | Lair:2   | Received a gift from Okawaru
 11873 | Lair:2   | Reached skill level 12 in Armour
 12430 | Lair:3   | Reached skill level 10 in Fighting
 12435 | Lair:3   | Acquired the +0 kite shield of Generosity {Harm rN+ Str+3
                  | Stlth+}
 12541 | Lair:3   | Noticed a lindwurm
 12551 | Lair:3   | Killed a lindwurm
 12551 | Lair:3   | Received a gift from Okawaru
 12552 | Lair:3   | Reached skill level 13 in Armour
 12649 | Lair:3   | Reached XP level 12. HP: 106/106 MP: 11/11
 12684 | Lair:3   | Noticed a boulder beetle
 12713 | Lair:3   | Killed a boulder beetle
 12714 | Lair:3   | Reached skill level 10 in Short Blades
 13237 | Lair:4   | Found a staircase to the Snake Pit.
 13379 | Lair:4   | Found a staircase to the Swamp.
 13425 | Lair:4   | Reached skill level 14 in Armour
 13811 | Lair:4   | Identified the -9 kite shield of Classification {rF+ rC-
                  | Regen+ Int+3} (Okawaru gifted it to you on level 4 of the
                  | Lair of Beasts)
 13811 | Lair:4   | Received a gift from Okawaru
 13823 | Lair:4   | Reached skill level 15 in Armour
 14427 | Lair:4   | Acquired a manual of Armour
 14647 | Lair:5   | Noticed Kirke
 14791 | Lair:5   | Found a staircase to the Slime Pits.
 14800 | Lair:5   | Reached skill level 16 in Armour
 14835 | Lair:5   | Reached XP level 13. HP: 90/119 MP: 12/12
 14842 | Lair:5   | Reached skill level 1 in Stealth
 14965 | Lair:5   | Killed Kirke
 14966 | Lair:5   | Reached skill level 1 in Unarmed Combat
 15144 | Lair:5   | Found a viscous altar of Jiyva.
 15200 | Lair:5   | Received a gift from Okawaru
 15914 | Lair:6   | Entered Level 6 of the Lair of Beasts
 16004 | Lair:6   | Reached skill level 17 in Armour
 16442 | Lair:6   | Reached skill level 18 in Armour
 16876 | Lair:6   | Identified the +4 ring mail of Going Fast {Str+2} (Okawaru
                  | gifted it to you on level 6 of the Lair of Beasts)
 16876 | Lair:6   | Received a gift from Okawaru
 16891 | Lair:6   | Reached XP level 14. HP: 118/132 MP: 13/13
 17046 | Lair:6   | Identified the +4 battleaxe of the Rat {freeze, Fragile
                  | rF+++ Dex+7}
 17061 | Lair:6   | Identified the +1 pair of gloves "Larrot" {rCorr Dex+3
                  | SInv}
 17543 | D:11     | Noticed Snorg
 17569 | D:11     | Killed Snorg
 17794 | D:11     | Noticed Psyche
 17802 | D:11     | Killed Psyche
 17854 | D:11     | Found a frozen archway.
 17888 | IceCv    | Entered an ice cave
 17955 | IceCv    | Reached skill level 1 in Invocations
 18016 | IceCv    | Reached skill level 19 in Armour
 18478 | IceCv    | Reached skill level 15 in Fighting
 18502 | IceCv    | Noticed a frost giant
 18537 | IceCv    | Killed a frost giant
 18714 | D:11     | Found a runed translucent door.
 18902 | D:11     | Found a hide-covered altar of Uskayaw.
 18996 | D:11     | Noticed unlimited1921's ghost (journeyman GnAM)
 19007 | D:11     | Killed unlimited1921's ghost
 19092 | D:12     | You fall into a shaft and drop 1 floor!
 19134 | D:13     | Received a gift from Okawaru
 19196 | D:13     | Noticed Jorgrun
 19198 | D:13     | Found Aprent's Pet Rocks.
 19233 | D:13     | Killed Jorgrun
 19371 | D:13     | Noticed Maurice
 19435 | D:13     | Killed Maurice
 19787 | D:13     | Noticed Rupert
 19804 | D:13     | Killed Rupert
 19805 | D:13     | Reached skill level 20 in Armour
 19830 | D:13     | Slain by a death knight

Illustrated notes

Levels and vault maps discovered:
D:1:      ldierk_walled_garden, layout_loops_ring, serial_shops,
          nicolae_shop_crystal, serial_bayou, serial_bayou_pond_a,
          serial_bayou_ford_a, serial_bayou_lake_a, serial_bayou_shore_b
D:2:      layout_rooms, basic_altar, dreamdust_ecumenical_altar_statues,
          hex_intersection, minmay_tall_x, uniq_jessica, uniq_terence
D:3:      layout_loops_cross, fiery_altar_vehumet, nzn_hepliaklqana_mist_gate,
          ebering_ghost_inner_flame
D:4:      layout_basic, mainiacjoe_overflow_catwalk, minmay_temple_entry_slanted
D:5:      layout_basic, nicolae_ru_the_path_less_chosen,
          hangedman_decor_growths, kennysheep_dice, uniq_eustachio, uniq_pikel,
          uniq_grinder, uniq_edmund
D:6:      layout_layer_cave, pdpol_wu_jian_five_deadly_venoms
D:7:      layout_cave_pools, serial_shops, nicolae_shop_stone,
          hellmonk_guarded_unrand_gyre_and_gimble
D:8:      layout_loops_ring, nicolae_tso_carved_into_rock, erik_lair_island
D:9:      layout_loops_ring, nicolae_kikubaaqudgha_miasma_corner,
          mainiacjoe_overflow_surrounded_room, orc_0_dummy
D:10:     layout_cave_pods, bloody_trog, mainiacjoe_overflow_paths,
          nicolae_ashenzari_panopticon, nicolae_shop_self_help
D:11:     layout_cave_pools, portal_ice_cave_entry_imps,
          ebering_ghost_reflecting_pool, nicolae_uskayaw_suspiria, uniq_psyche,
          uniq_snorg
D:12:     layout_basic
D:13:     layout_small_grid, guppyfry_shop_earth, uniq_jorgrun, uniq_rupert,
          uniq_maurice
Temple:   minmay_temple_curvy_loop
Lair:1:   beast_lair_carwin_large_2, layout_gridlike, serial_bayou_shore_b,
          infiniplex_staircase_pool_2
Lair:2:   layout_chaotic_city, serial_bayou_shore_a
Lair:3:   layout_chaotic_city, minmay_holes
Lair:4:   minmay_lair_venomous_thicket, layout_gridlike,
          minmay_swamp_entry_eels, guppyfry_snake_entry_island,
          grunt_megastairs_1
Lair:5:   layout_regular_city, slime_altar_1, nicolae_lair_yak_garden,
          grunt_megastairs_4, lemuel_fruit_tree, uniq_kirke
Lair:6:   minmay_lair_end_frog_pond, layout_regular_city

Skill      XL: |  1  2  3  4  5  6  7  8  9 10 11 12 13 14 |
---------------+-------------------------------------------+-----
Fighting       | 4 5 6 7 8 10 12 14 16 | 16.0
Armour         | 4 5 6 7 9 10 13 16 18 20 | 20.0
Shields        | 4 5 6 7 9 |  9.7
Long Blades    | 3 5 7 9 10 11 | 11.0
Dodging        | 1 2 |  2.9
Short Blades   | 6 9 11 12 14 | 14.0
Evocations     | 1 |  1.8
Stealth        | 1 |  1.7
Unarmed Combat | 2 |  2.3
Invocations    | 1 |  1.5

Action                   |  1- 3 |  4- 6 |  7- 9 | 10-12 | 13-15 || total
-------------------------+-------+-------+-------+-------+-------++-------
Melee: Long sword        |    85 |   114 |   248 |       |       ||   447
       Headbutt          |    13 |    29 |    59 |   231 |   287 ||   619
       Pair of quick bla |       |       |       |   643 |   760 ||  1403
       Unarmed           |       |       |       |    11 |       ||    11
Invok: Heroism           |       |       |     2 |       |     5 ||     7
Evoke: Wand              |       |       |       |     9 |       ||     9
  Use: Potion            |       |     1 |     1 |       |       ||     2
       Scroll            |       |       |     7 |    20 |     3 ||    30
 Stab: Invisible         |       |       |       |       |     1 ||     1
Armor: Scale mail        |    56 |    38 |    14 |       |       ||   108
       Crystal plate arm |       |       |   118 |   334 |   361 ||   813
Dodge: Dodged            |    41 |    62 |    75 |   242 |   271 ||   691
Block: Kite shield       |    59 |    76 |   136 |       |       ||   271
       Rpst.: Long sword |    10 |    14 |    19 |       |       ||    43
